 Dungeon Crawl Stone Soup version 0.28-a0-1190-g77e1c55843 (webtiles) character file.

Game seed: 15166755772620436121

3082 bande the Cleaver (level 9, -2/55 HPs)
             Began as a Gargoyle Fighter on Dec 19, 2021.
             Was a Believer of Okawaru.
             Slain by a two-headed ogre (20 damage)
             ... on level 8 of the Dungeon.
             The game lasted 00:21:08 (7326 turns).

bande the Cleaver (Gargoyle Fighter)                Turns: 7326, Time: 00:21:10

Health: -2/55      AC: 27    Str: 20    XL:     9   Next: 89%
Magic:  2/2        EV:  6    Int: 15    God:    Okawaru [**....]
Gold:   189        SH:  5    Dex: 13    Spells: 8/8 levels left

rFire   . . .      SeeInvis +   a - +0 war axe (venom)
rCold   + . .      Faith    .   c - +0 buckler
rNeg    + . .      Spirit   .   B - +0 plate armour
rPois   ∞          Reflect  .   (no helmet)
rElec   +          Harm     .   p - +2 cloak
rCorr   .          Rampage  .   (no gloves)
Will    .....                   b - +3 pair of boots of Diegedgh {rPois MP-9 SInv}
Stlth   ..........              i - amulet of regeneration
HPRegen 0.98/turn               o - +6 ring of intelligence
MPRegen 0.08/turn               u - ring of flight

@: flying
A: sickness immunity, AC +6, negative energy resistance 1, electricity
resistance, torment resistance 1, petrification resistance, cold resistance 1
a: Renounce Religion, Heroism


You were on level 8 of the Dungeon.
You worshipped Okawaru.
Okawaru was pleased with you.
You visited 2 branches of the dungeon, and saw 9 of its levels.

You collected 409 gold pieces.
You spent 220 gold pieces at shops.

Inventory:

Hand Weapons
 a - a +0 war axe of venom (weapon)
 q - a +0 flail
 A - a +0 war axe
Missiles
 d - 3 throwing nets (quivered)
Armour
 b - the +3 pair of boots of Diegedgh (worn) {rPois MP-9 SInv}
   (You acquired it on level 4 of the Dungeon)

   rPois:     It protects you from poison.
   MP:        It affects your magic capacity (-9).
   SInv:      It lets you see invisible.
 c - a +0 buckler (worn)
 j - a +0 pair of boots
 p - a +2 cloak (worn)
 B - a +0 plate armour (worn)
 C - a +1 ring mail of cold resistance
Jewellery
 i - an amulet of regeneration (around neck)
 o - a +6 ring of intelligence (left hand)
 u - a ring of flight (right hand)
Wands
 m - a wand of flame (16)
 x - a wand of iceblast (3)
Scrolls
 f - 5 scrolls of fear
 r - a scroll of blinking
 s - 2 scrolls of teleportation
 w - 2 scrolls of torment {unknown}
 y - a scroll of magic mapping
 z - a scroll of identify
Potions
 e - 2 potions of invisibility
 g - a potion of mutation
 h - a potion of heal wounds
 k - a potion of brilliance
 l - 2 potions of might
 n - 2 potions of curing
 t - a potion of resistance {unknown}
 v - a potion of magic {unknown}


   Skills:
 + Level 5.9 Fighting
 + Level 8.0 Axes
 + Level 7.6 Armour
 - Level 0.2 Stealth
 + Level 5.9 Shields
 * Level 3.9 Invocations
 * Level 3.1 Evocations


You had 8 spell levels left.
You didn't know any spells.
Your spell library contained the following spells:

 Spells                   Type           Power      Damage    Failure   Level
 Ensorcelled Hibernation  Hex/Ice        0%         N/A       100%        2
 Passwall                 Tmut/Erth      0%         N/A       100%        2
 Spider Form              Tmut/Pois      0%         N/A       100%        3
 Swiftness                Air            0%         N/A       100%        3
 Summon Small Mammal      Summ           Unusable   N/A       N/A         1
 Call Canine Familiar     Summ           Unusable   N/A       N/A         3
 Summon Guardian Golem    Hex/Summ       Unusable   N/A       N/A         3

Dungeon Overview and Level Annotations

Branches:
Dungeon (8/15)             Temple (1/1) D:6
   Lair: D:8-11

Altars:
Ashenzari
Dithmenos
Elyvilon
Fedhas
Gozag
Hepliaklqana
Kikubaaqudgha
Makhleb
Nemelex Xobeh
Okawaru
Qazlal
Ru
Sif Muna
Trog
Uskayaw
Vehumet
Wu Jian
Xom
Zin
The Shining One

Shops:
D:2 ?   D:5 *   D:7 =

Annotations:
D:6 Blork the orc


Innate Abilities, Weirdness & Mutations

You are immune to sickness and miasma.
Your stone body is resilient. (AC +6)
You are immune to poison.
You resist negative energy. (rN+)
You are resistant to electric shocks. (rElec)
You are resistant to unholy torment.
You are immune to petrification.
Your flesh is cold resistant. (rC+)


Message History

The two-headed ogre looks as sick as possible!
The two-headed ogre is moderately wounded.
You hit the two-headed ogre but do no damage.
The two-headed ogre looks as sick as possible!
The two-headed ogre is moderately wounded.
The two-headed ogre hits you with a +0 giant spiked club!
The two-headed ogre hits you with a +0 giant club!
You slash the two-headed ogre!
The two-headed ogre looks as sick as possible!
The two-headed ogre is heavily wounded.
You barely miss the hornet zombie.
The hornet zombie hits you but does no damage. x2
The two-headed ogre barely misses you.
The two-headed ogre hits you but does no damage.
You slash the two-headed ogre!
The two-headed ogre looks as sick as possible!
The two-headed ogre is severely wounded.
You closely miss the hornet zombie.
The hornet zombie hits you but does no damage.
Unknown command.
Your plate armour prevents you from hitting the two-headed ogre.
The two-headed ogre is severely wounded.
You hit the hornet zombie. You block the hornet zombie's attack.
The two-headed ogre hits you with a +0 giant spiked club!
The two-headed ogre hits you with a +0 giant club.
The hornet zombie hits you but does no damage.
You hit the two-headed ogre.
The two-headed ogre looks as sick as possible!
The two-headed ogre is severely wounded.
You hit the hornet zombie but do no damage.
The two-headed ogre hits you with a +0 giant spiked club!
The two-headed ogre hits you but does no damage.
You block the hornet zombie's attack.
You hit the two-headed ogre.
The two-headed ogre looks as sick as possible!
The two-headed ogre is almost dead.
You hit the hornet zombie.
The hornet zombie hits you but does no damage.
The two-headed ogre hits you with a +0 giant spiked club!!
You die...

......# ...#....#
##.......# ####...##...#
##....#..#...##
#####..#### ......#
....#.## #....## ......#
#.O...## ....###
##.Z@...### ....#
#..#......#
....#########[###......(
...........#<.# .......
..).######.#.## .$.....
..<.# #...# .......
....# #..## .......
##### #### .......
.......


You could see a two-headed ogre (extremely poisoned) and a hornet zombie.

Vanquished Creatures
  A two-headed ogre (D:8)
  A gargoyle (D:6)
  A water moccasin (D:6)
  A black bear (D:5)
  2 orc warriors
  An ogre (D:6)
  2 centaurs
  A bullfrog (D:8)
  A gnoll sergeant (D:6)
  2 scorpions
  9 killer bees
  A howler monkey (D:7)
  2 orc priests (D:7)
  2 hounds (D:6)
  A bullfrog zombie (D:6)
  2 jellies
  2 gnoll shamans
  A bullfrog skeleton (D:6)
  A centaur skeleton (D:6)
  3 iguanas
  2 orc wizards (D:4)
  A scorpion zombie (D:5)
  3 killer bee zombies (D:7)
  19 gnolls
  7 adders
  2 shadow imps
  An ufetubus (D:6)
  A worm (D:3)
  A dart slug (D:1)
  14 orcs
  7 ball pythons
  4 bats
  10 endoplasms
  7 giant cockroaches
  17 goblins
  8 hobgoblins
  A jackal (D:2)
  4 quokkas
  A frilled lizard (D:1)
  15 kobolds
  7 rats
  A spectral kobold (D:4)
170 creatures vanquished.

Vanquished Creatures (others)
  A plant (D:3)
1 creature vanquished.

Grand Total: 171 creatures vanquished

Notes
Turn   | Place    | Note
-------+----------+-------------------------------------------
     0 | D:1      | bande the Gargoyle Fighter began the quest for the Orb.
     0 | D:1      | Reached XP level 1. HP: 14/14 MP: 1/1
   306 | D:1      | Reached XP level 2. HP: 19/19 MP: 2/2
   474 | D:1      | Found a faded altar of an unknown god.
  1008 | D:2      | Reached skill level 2 in Axes
  1008 | D:2      | Reached XP level 3. HP: 12/23 MP: 3/3
  1333 | D:2      | Gained mutation: Your flesh is cold resistant. (rC+)
                  | [potion of mutation]
  1876 | D:2      | Reached XP level 4. HP: 28/28 MP: 4/4
  1876 | D:2      | Found Cocsat's Magic Scroll Shop.
  1935 | D:2      | Found a broken altar of Ashenzari.
  2599 | D:3      | Reached XP level 5. HP: 32/32 MP: 5/5
  2612 | D:3      | Reached skill level 3 in Axes
  2867 | D:4      | Identified a scroll of acquirement
  2867 | D:4      | Acquired the +3 pair of boots of Diegedgh {rPois MP-9 SInv}
  3033 | D:4      | Found a hazy altar of Hepliaklqana.
  3207 | D:5      | Entered Level 5 of the Dungeon
  3217 | D:5      | Reached XP level 6. HP: 38/38 MP: 0/6
  3295 | D:4      | Reached skill level 4 in Axes
  3312 | D:5      | Found Paykanku's Assorted Antiques.
  3600 | D:4      | Reached skill level 5 in Armour
  3638 | D:5      | Reached XP level 7. HP: 43/43 MP: 0/7
  3726 | D:5      | Reached skill level 5 in Axes
  4211 | D:6      | Noticed a gargoyle
  4233 | D:6      | HP: 2/44 [gargoyle (8)]
  4237 | D:6      | Killed a gargoyle
  4238 | D:6      | Reached skill level 5 in Fighting
  4238 | D:6      | Reached skill level 6 in Axes
  4238 | D:6      | Reached XP level 8. HP: 19/49 MP: 0/8
  4249 | D:6      | Found a staircase to the Ecumenical Temple.
  4258 | Temple   | Entered the Ecumenical Temple
  4468 | Temple   | Became a worshipper of Warmaster Okawaru
  4493 | D:6      | Reached skill level 5 in Shields
  4718 | D:6      | Reached skill level 1 in Invocations
  4767 | D:6      | Noticed Blork the orc
  5339 | D:6      | Reached skill level 1 in Evocations
  5507 | D:6      | Reached * piety under Okawaru
  5540 | D:6      | Reached XP level 9. HP: 50/54 MP: 1/10
  5717 | D:7      | Reached skill level 7 in Axes
  5784 | D:7      | Found Baer's Jewellery Emporium.
  5898 | D:2      | Bought a scroll of brand weapon for 220 gold pieces
  6895 | D:8      | Noticed a two-headed ogre
  6919 | D:8      | Killed a two-headed ogre
  6919 | D:8      | Reached ** piety under Okawaru
  7297 | D:8      | Reached skill level 8 in Axes
  7315 | D:8      | Noticed a two-headed ogre
  7326 | D:8      | Slain by a two-headed ogre

Illustrated notes

Levels and vault maps discovered:
D:1:      lightli_arrival_noodles, layout_loops_ring,
          dreamdust_ecumenical_altar_grove
D:2:      layout_basic, serial_shops, nicolae_diamond_shop, basic_altar,
          minmay_pentomino_q4
D:3:      corexii_shack_village, layout_loops_ring, due_unseen_surprise
D:4:      layout_rooms, nicolae_hepliaklqana_monster_ancestors
D:5:      layout_basic, serial_shops, kennysheep_little_box
D:6:      layout_basic, temple_pool_b, minmay_ogre_servants, uniq_blork_the_orc
D:7:      layout_loops_corners, serial_shops, shop, minivault_22
D:8:      minmay_the_grid_plus_closed [minmay_the_grid_medium_cups,
          minmay_the_grid_holed_spiral, minmay_the_grid_minigrid_large,
          minmay_the_grid_tree, minmay_the_grid_prize_inner_circle],
          layout_rooms
Temple:   mainiacjoe_temple_hex_bubbles

Skill      XL: |  1  2  3  4  5  6  7  8  9 |
---------------+----------------------------+-----
Axes           | 2 3 4 6 8 |  8.0
Armour         | 4 5 6 7 |  7.6
Shields        | 4 5 |  5.9
Fighting       | 4 5 |  5.9
Invocations    | 2 3 |  3.9
Evocations     | 1 3 |  3.1
Stealth        | |  0.2

Action                   |  1- 3 |  4- 6 |  7- 9 || total
-------------------------+-------+-------+-------++-------
Melee: War axe           |    98 |   248 |   386 ||   732
  Use: Potion            |     2 |       |     1 ||     3
       Scroll            |     5 |     5 |     6 ||    16
Armor: Scale mail        |    55 |    92 |       ||   147
       Chain mail        |       |   125 |   318 ||   443
       Plate armour      |       |       |    63 ||    63
Dodge: Dodged            |    63 |   131 |   165 ||   359
Block: Buckler           |    27 |    63 |   126 ||   216

Table legend: (Time is in decaauts)
 A = Elapsed time spent in this place.
 B = Non-inter-level travel time spent in this place.
 C = Inter-level travel time spent in this place.
 D = Time resting spent in this place.
 E = Time spent auto-exploring this place.
 F = Levels seen in this place.
 G = Mean time per level.
                   A        B        C        D        E       F      G
               +--------+--------+--------+--------+--------+-----+--------+
         Total |   7531 |   7272 |    259 |   1332 |   3833 |   9 |  836.8 |
       Dungeon |   7308 |   7061 |    247 |   1322 |   3638 |   8 |  913.5 |
        Temple |    223 |    211 |     12 |     10 |    195 |   1 |  223.0 |
               +--------+--------+--------+--------+--------+-----+--------+

Top non-repeatable levels by time:
     D:5: 1226 daAuts
     D:7: 1149 daAuts
     D:2: 1066 daAuts
     D:1: 1018 daAuts
     D:6: 1011 daAuts
     D:3: 813 daAuts
     D:4: 683 daAuts
     D:8: 338 daAuts
  Temple: 223 daAuts
